 Dungeon Crawl Stone Soup version 0.18.1-2-ga659475 (webtiles) character file.

134 Kenran the Ruffian (level 5, -5/32 HPs)
             Began as a Gargoyle Monk on May 8, 2016.
             Killed by Freeze
             ... invoked by Potsanchik's ghost
              (14 damage)
             ... on level 4 of the Dungeon.
             The game lasted 00:04:56 (3193 turns).

Kenran the Ruffian (Gargoyle Monk)                  Turns: 3193, Time: 00:04:57

Health: -5/32      AC: 15    Str: 15    XL:     5   Next: 17%
Magic:  5/5        EV: 12    Int: 10    God:
Gold:   93         SH:  0    Dex: 13    Spells: 0 memorised, 4 levels left

rFire  . . .     SeeInvis .       - Unarmed
rCold  . . .     Gourm    .     j - +0 chain mail
rNeg   + . .     Faith    .     (no shield)
rPois  ∞         Spirit   .     (no helmet)
rElec  +         Dismiss  .     r - +2 cloak
rCorr  .         Reflect  .     (no gloves)
SustAt .         Harm     .     (no boots)
MR     .....                    (no amulet)
Stlth  ..........               h - +5 ring of evasion
                                (no ring)

@: not resistant to hostile enchantments, extremely unstealthy
A: negative energy resistance 1, electricity resistance, unbreathing,
petrification resistance, rot immunity, AC +4
a: no special abilities


You were on level 4 of the Dungeon.
You were not hungry.

You visited 1 branch of the dungeon, and saw 4 of its levels.

You collected 93 gold pieces.

Inventory:

Armour
 j - a +0 chain mail (worn)
 m - a +0 ring mail of fire resistance
 r - a +2 cloak (worn)
Jewellery
 h - a +5 ring of evasion (right hand)
Scrolls
 d - a scroll of enchant weapon {unknown}
 e - 3 scrolls of remove curse {unknown}
 g - a scroll of immolation {unknown}
 i - 3 scrolls of enchant armour {unknown}
 n - 2 scrolls of magic mapping {unknown}
 q - a scroll of identify {unknown}
 s - a scroll of recharging {unknown}
Potions
 c - 3 potions of heal wounds {unknown}
 f - 3 potions of curing {unknown}
 o - a potion of cure mutation {unknown}
Comestibles
 b - 3 bread rations
 l - 2 meat rations


   Skills:
 - Level 3.2 Fighting
 + Level 1.8 Armour
 - Level 2.4 Dodging
 - Level 2.1 Stealth
 + Level 6.0 Unarmed Combat


You had 4 spell levels left.
You didn't know any spells.

Dungeon Overview and Level Annotations

Branches:
Dungeon (3/15)

Altars:
Fedhas

Annotations:
D:4 Potsanchik's ghost, amateur DEIE


Innate Abilities, Weirdness & Mutations

You are resistant to torment.
Your stone body is resilient (AC +4).
You are immune to poison.
You resist negative energy.
You are resistant to electric shocks.
You can survive without breathing.
You are immune to petrification.
You are immune to rotting.


Message History

Potsanchik's ghost barely misses you.
Potsanchik's ghost gestures at you while chanting.
You are frozen.
Potsanchik's ghost hits you but does no damage.
Space bends around you.
Potsanchik's ghost whispers, "You will understand me better in a moment."
Found a glowing brown potion and a ring mail.
Potsanchik's ghost gestures at you while chanting.
You are frozen.
* * * LOW HITPOINT WARNING * * *
An orc comes into view. It is wielding a dagger.
An orc and an orc priest come into view.
The orc priest shouts!
An orc wizard comes into view. It is wielding a dagger.
An orc wizard comes into view. It is wielding a dagger of holy wrath.
The orc wizard shouts!
The orc hits you but does no damage.
Potsanchik's ghost gestures at you while chanting.
You are frozen.
You die...

###.........
#.....oo....
#....o......
.####..........
...........o.
...........#
...........#
.......@o..#
........W..#
............#
.............#######
#.....!...[........#
##.....!............#
#...................#
....................#
.(..................#


You could see an orc priest, 2 orc wizards, Potsanchik's ghost and 2 orcs.

Vanquished Creatures
  6 adders
  An ooze (D:1)
  2 worms
  A dart slug (D:3)
  6 orcs (D:3)
  4 giant cockroaches
  4 goblins
  6 hobgoblins
  4 jackals (D:3)
  7 kobolds
  2 quokkas
  7 bats
  5 giant newts
  8 rats
63 creatures vanquished.

Notes
Turn   | Place    | Note
--------------------------------------------------------------
     0 | D:1      | Kenran the Gargoyle Monk began the quest for the Orb.
     0 | D:1      | Reached XP level 1. HP: 14/14 MP: 1/1
   324 | D:1      | Reached XP level 2. HP: 2/19 MP: 2/2
  1104 | D:1      | Reached XP level 3. HP: 19/23 MP: 3/3
  1309 | D:2      | Reached skill level 5 in Unarmed Combat
  1818 | D:2      | Reached skill level 1 in Armour
  1818 | D:2      | Reached XP level 4. HP: 20/28 MP: 4/4
  2671 | D:3      | Found a blossoming altar of Fedhas.
  2777 | D:3      | Reached XP level 5. HP: 32/32 MP: 5/5
  2858 | D:3      | Reached skill level 6 in Unarmed Combat
  3168 | D:3      | You fall through a shaft!
  3168 | D:4      | Noticed Potsanchik's ghost (amateur DEIE)
  3193 | D:4      | Killed from afar by Potsanchik's ghost

Skill      XL: |  1  2  3  4  5 |
---------------+----------------+-----
Unarmed Combat | 5 6 |  6.0
Armour         | 1 |  1.8
Fighting       | |  3.2
Dodging        | |  2.4
Stealth        | |  2.1

Action                   |  1- 3 |  4- 6 || total
-------------------------+-------+-------++-------
Melee: Unarmed           |   148 |   124 ||   272
       Punch             |     4 |     1 ||     5
 Stab: Sleeping          |     3 |       ||     3
       Distracted        |     1 |       ||     1
  Eat: Chunk             |     3 |     4 ||     7
Armor: Robe              |    22 |       ||    22
       Chain mail        |    54 |    77 ||   131
Dodge: Dodged            |    73 |    49 ||   122
